 Dungeon Crawl Stone Soup version 0.27.0-1-g7a089689b8 (webtiles) character file.

Game seed: 2075227259493923321

66 Crazydiamond the Ruffian (level 3, -2/28 HPs)
             Began as a Draconian Transmuter on Aug 16, 2021.
             Succumbed to a water moccasin's poison
             ... on level 3 of the Dungeon.
             The game lasted 00:05:47 (1704 turns).

Crazydiamond the Ruffian (Draconian Transmuter)     Turns: 1704, Time: 00:05:48

Health: -2/28      AC:  5    Str: 18    XL:     3   Next: 96%
Magic:  5/6        EV: 12    Int: 14    God:
Gold:   77         SH:  0    Dex: 11    Spells: 2/6 levels left

rFire    . . .     SeeInvis .     - Unarmed
rCold    . . .     Faith    .   (no shield)
rNeg     . . .     Spirit   .   (armour unavailable)
rPois    .         Reflect  .   (helmet currently unavailable)
rElec    .         Harm     .   (no cloak)
rCorr    .         Rampage  .   (no gloves)
Will     .....                  (boots currently unavailable)
Stlth    +.........             (no amulet)
HPRegen  0.09/turn              f - +6 ring of strength
MPRegen  0.10/turn              e - ring of wizardry

@: lethally poisoned (-2 -> -21), appendages
A: horns 2, talons 2, AC +5, unfitting armour, cold-blooded
a: End Transformation


You were on level 3 of the Dungeon.
You had temporarily grown beastly horns and talons.
You visited 1 branch of the dungeon, and saw 3 of its levels.

You collected 77 gold pieces.

Inventory:

Jewellery
 e - a ring of wizardry (right hand)
 f - a +6 ring of strength (left hand)
 g - a ring of flight
 i - a ring of protection from cold
Scrolls
 a - 3 scrolls of teleportation {unknown}
 b - a scroll of identify {unknown}
 c - a scroll of magic mapping {unknown}
 d - a scroll of enchant weapon {unknown}
Potions
 h - a potion of heal wounds {unknown}


   Skills:
 + Level 1.2 Fighting
 + Level 2.3 Dodging
 + Level 0.1 Stealth
 + Level 4.1 Unarmed Combat
 + Level 2.3 Spellcasting
 + Level 2.2 Transmutations
 + Level 0.1 Poison Magic


You had 2 spell levels left.
You knew the following spells:

 Your Spells              Type           Power      Damage    Failure   Level
a - Beastly Appendage     Tmut           14%        N/A       3%          1
b - Spider Form           Tmut/Pois      2%         N/A       16%         3

Your spell library contained the following spells:

 Spells                   Type           Power      Damage    Failure   Level
 Sting                    Tmut/Pois      16%        1d3       6%          1
 Wereblood                Tmut           7%         N/A       6%          2
 Ice Form                 Ice/Tmut       4%         N/A       47%         4


Dungeon Overview and Level Annotations

Branches:
Dungeon (3/15)

Altars:


Innate Abilities, Weirdness & Mutations

You have temporarily grown beastly horns and talons.
Your plain brown scales are hard. (AC +5)
You cannot fit into any form of body armour.
You are cold-blooded and may be slowed by cold attacks.


Message History

The hobgoblin barely misses you.
You hit the hobgoblin.
You kill the hobgoblin!
Your transformation is almost over.
You see here a hobgoblin corpse.
Magic restored.
Your horns disappear.
Your talons disappear.
A water moccasin comes into view.
The water moccasin hisses angrily.
Casting: Beastly Appendage (safe; 3% risk of failure)
Confirm with . or Enter, or press ? or * to list all spells.
You grow a pair of large bovine horns.
Your feet morph into talons.
You barely miss the water moccasin. Your kick misses the water moccasin.
The water moccasin closely misses you. x2
You barely miss the water moccasin. Your kick misses the water moccasin.
The water moccasin bites you.
You are poisoned.
The water moccasin poisons you!
You barely miss the water moccasin.
Your headbutt misses the water moccasin.
You feel very sick.
The water moccasin bites you but does no damage.
You barely miss the water moccasin. You claw the water moccasin.
The water moccasin is lightly wounded.
You feel sick. The water moccasin bites you!
The water moccasin bites you but does no damage.
You closely miss the water moccasin. You headbutt the water moccasin.
The water moccasin is lightly wounded.
You feel sick.
The water moccasin bites you but does no damage.
You closely miss the water moccasin. You headbutt the water moccasin!
The water moccasin is heavily wounded.
You feel sick. The water moccasin bites you!
* * * LOW HITPOINT WARNING * * *
You are more poisoned.
The water moccasin poisons you!
You barely miss the water moccasin.
Your headbutt misses the water moccasin.
The water moccasin is heavily wounded.
You die...

#.......# #...#
#.......############.#†#
#....................#.#
#........##..........#.#
.........##.###†.....#.#
.........##.# #.#.##.#.#
.#######.##.. #.#....#.#
#.####.#.######.#
#.......S@......#
######..######### #..
#.#


You could see a water moccasin.

Vanquished Creatures
  A hound skeleton (D:2)
  A white imp (D:3)
  2 dart slugs (D:2)
  2 ball pythons
  4 endoplasms
  2 giant cockroaches
  A goblin (D:1)
  3 hobgoblins
  4 jackals (D:1)
  5 kobolds
  2 quokkas (D:1)
  7 bats
  5 frilled lizards
  2 rats (D:1)
41 creatures vanquished.

Notes
Turn   | Place    | Note
-------+----------+-------------------------------------------
     0 | D:1      | Crazydiamond the Draconian Transmuter began the quest for
                  | the Orb.
     0 | D:1      | Reached XP level 1. HP: 16/16 MP: 3/3
    50 | D:1      | Reached XP level 2. HP: 16/23 MP: 5/5
   176 | D:1      | Found a faded altar of an unknown god.
   189 | D:1      | Got Plato's Incunabulum of Envenoming
   226 | D:1      | You fall into a shaft and drop 1 floor!
   412 | D:2      | Reached XP level 3. HP: 28/28 MP: 6/6
   908 | D:1      | Learned a level 3 spell: Spider Form
  1442 | D:3      | Reached skill level 4 in Unarmed Combat
  1694 | D:3      | Noticed a water moccasin
  1704 | D:3      | Succumbed to a water moccasin's poison

Illustrated notes

Levels and vault maps discovered:
D:1:      matt_arrival_debris, layout_basic, shapermc_ecumenical_altar_rom_forum
D:2:      layout_rooms
D:3:      layout_basic, uniq_ijyb, uniq_natasha, uniq_sigmund

Skill      XL: |  1  2  3 |
---------------+----------+-----
Dodging        | 2 |  2.3
Unarmed Combat | 4 |  4.1
Fighting       | |  1.2
Stealth        | |  0.1
Spellcasting   | |  2.3
Transmutations | |  2.2
Poison Magic   | |  0.1

Action                   || total
-------------------------++-------
Melee: Unarmed           ||   131
       Kick              ||    11
       Headbutt          ||     5
       Tailslap          ||    16
       Punch             ||     1
 Cast: Beastly Appendage ||    10
       Spider Form       ||     2
 Stab: Sleeping          ||     1
Armor: Skin              ||    36
Dodge: Dodged            ||    88
